 Dungeon Crawl Stone Soup version bcrawl-1.12-5-g74a5124548 (webtiles) character file.

Game seed: 9173946732094400863

2868 MisterOstroum the Fighter (level 9, -10/76 HPs)
             Began as a Demonspawn Archaeologist on May 31, 2019.
             Was a Believer of Okawaru.
             Mangled by an orc knight
             ... wielding a +0 war axe
              (25 damage)
             ... in a bailey.
             The game lasted 00:23:39 (8439 turns).

MisterOstroum the Fighter (DsAc)                    Turns: 8439, Time: 00:23:39

Health: -10/76     AC: 12    Str: 16    XL:     9   Next: 47%
Magic:  9/9        EV: 14    Int: 16    God:    Okawaru [**....]
Gold:   431        SH:  3    Dex: 17    Spells: 8/8 levels left

rFire    + . .     SeeInvis .   f - +9 sword of Zonguldrok {reap}
rCold    . . .     Gourm    .   (no shield)
rNeg     . . .     Faith    .   E - +1 ring mail of the Armoured One {Str+3}
rPois    .         Spirit   .   b - +2 hat
rElec    .         Reflect  .   (no cloak)
rCorr    .         Harm     .   d - +1 pair of gloves
MR       .....                  c - +1 pair of boots
Stlth    +++.......             (no amulet)
HPRegen  0.22/turn              p - +2 ring of evasion
MPRegen  0.11/turn              F - ring of protection from fire

@: no status effects
A: talons 1, thin skeletal structure 2, demonic guardian 1
a: Heroism, Renounce Religion


You were in a bailey.
You worshipped Okawaru.
Okawaru was pleased with you.
You were not hungry.

You visited 2 branches of the dungeon, and saw 9 of its levels.
You also visited: Sewer and Bailey.

You collected 431 gold pieces.

Inventory:

Hand Weapons
 f - the +9 sword of Zonguldrok (weapon) {reap} If a monster killed with it leaves a corpse in good enough shape, the corpse will be animated as a zombie friendly to the killer.
 w - a +1 blowgun
Missiles
 l - 1149 stones
 t - 288 tomahawks (quivered)
 x - 423 poisoned needles
Armour
 a - a +1 robe
 b - a +2 hat (worn)
 c - a +1 pair of boots (worn)
 d - a +1 pair of gloves (worn)
 E - the +1 ring mail of the Armoured One (worn) {Str+3}
   (You took it off an orc on level 4 of the Dungeon)

   It affects your strength (+3).
 I - a +0 troll leather armour
Jewellery
 p - a +2 ring of evasion (left hand)
 v - an uncursed ring of insulation
 F - a ring of protection from fire (right hand)
Wands
 o - a wand of polymorph (6)
 y - a wand of acid (10)
 B - a wand of enslavement (12)
 G - a wand of disintegration (15)
Scrolls
 g - 2 scrolls of amnesia
 k - a scroll of fear {!r}
 m - a scroll of identify {@r1}
 r - a scroll of teleportation {@r3 !r}
 z - a scroll of magic mapping {@r5 !r}
 H - a scroll of fog {!r}
 J - a scroll of remove curse {@r2}
Potions
 h - 3 potions of curing
 i - 2 potions of brilliance
 j - 6 potions of lignification
 n - a potion of resistance
 q - 2 potions of cancellation
 s - a potion of might {@q3 !q}
 u - a potion of mutation
 A - a potion of heal wounds
 C - a potion of ambrosia
 K - a potion of agility {@q5 !q}
Comestibles
 e - 14 rations {!d}


   Skills:
 + Level 9.3 Fighting
 + Level 9.3 Long Blades
 - Level 2.6 Dodging
 - Level 3.3 Stealth
 - Level 1.6 Unarmed Combat


You had 8 spell levels left.
You didn't know any spells.
Your spell library contained the following spells:

 Spells                   Type           Power        Failure   Level  Hunger
 Corona                   Hex            #......      43%         1    ##.....
 Ensorcelled Hibernation  Hex/Ice        #.....       58%         2    ###....
 Confuse                  Hex            #.......     82%         3    ####...
 Dazzling Spray           Conj/Hex       #.....       82%         3    ####...
 Tukima's Dance           Hex            #.......     82%         3    ####...


Dungeon Overview and Level Annotations

Branches:
Dungeon (8/12)             Temple (1/1) D:6
   Lair: D:7-10         Orc: D:8-11

Altars:
Ashenzari
Cheibriados
Dithmenos
Elyvilon
Fedhas
Gozag
Hepliaklqana
Kikubaaqudgha
Lugonu
Makhleb
Nemelex Xobeh
Okawaru
Ru
Sif Muna
Trog
Uskayaw
Vehumet
Wu Jian
Xom
Yredelemnul
Zin
The Shining One

Shops:
D:6 *   D:8 [(=


Innate Abilities, Weirdness & Mutations

You have sharp toenails.
You have a moderately thin skeletal structure. (Dex +4, Stealth+)
A weak demonic guardian rushes to your aid.


Message History

Your ufetubus hits the orc knight.
The orc knight barely misses your ufetubus.
Your ufetubus closely misses the orc knight.
Your ufetubus hits the orc knight but does no damage. x3
There is an open gate here.
The orc knight barely misses your ufetubus.
Your ufetubus hits the orc knight.
Your ufetubus barely misses the orc knight.
Your ufetubus barely misses the orc knight.
Your ufetubus closely misses the orc knight.
The orc knight hits your ufetubus with a +0 war axe!
Your ufetubus dies!
The orc knight shouts!
You are too injured to fight recklessly!
Throwing (i - inventory. (/) - cycle)
t - 290 tomahawks (quivered)
Press: ? - help, Shift-Dir - straight line, f - orc warrior
Aim: an orc warrior, wielding a +0 war axe and wearing a +0 scale mail (unusually strong)
You throw a tomahawk.
The tomahawk closely misses the orc warrior.
Throwing (i - inventory. (/) - cycle)
t - 289 tomahawks (quivered)
Press: ? - help, Shift-Dir - straight line, f/p - orc warrior
Aim: an orc warrior, wielding a +0 war axe and wearing a +0 scale mail (unusually strong)
You throw a tomahawk. The tomahawk hits the orc warrior.
The orc warrior is lightly wounded.
You hit the orc warrior but do no damage.
The orc warrior is lightly wounded.
The orc warrior hits you with a +0 war axe.
Your ufetubus hits the orc warrior but does no damage.
Your ufetubus closely misses the orc warrior.
Your ufetubus hits the orc warrior but does no damage.
Your ufetubus closely misses the orc warrior.
The orc warrior no longer looks unusually strong.
The orc knight hits your ufetubus with a +0 war axe!!
Your ufetubus dies!
You slash the orc warrior!
The orc warrior is heavily wounded.
The orc knight roars a battlecry!
The orc warrior goes into a battle-frenzy!
You block the orc warrior's attack.
You hit the orc warrior.
The orc warrior is severely wounded.
The orc warrior hits you with a +0 war axe!!
* * * LOW HITPOINT WARNING * * *
You swap places.
The orc warrior hits your quasit with a +0 war axe!
Your quasit barely misses the orc warrior. x3
Your quasit barely misses the orc warrior.
Your quasit closely misses the orc warrior.
Your quasit claws the orc warrior.
Your quasit misses the orc knight.
Your quasit claws the orc knight but does no damage. x2
There is an open gate here.
Your quasit barely misses the orc warrior.
Your quasit claws the orc warrior but does no damage.
Your quasit barely misses the orc warrior.
The orc knight hits your quasit with a +0 war axe!
Your quasit dies!
There is a gate leading back out of this place here.
You feel better.
The orc knight barely misses your shadow imp.
Your shadow imp closely misses the orc knight.
There is a gate leading back out of this place here.
Throwing (i - inventory. (/) - cycle)
t - 288 tomahawks (quivered)
Press: ? - help, Shift-Dir - straight line, f/p - orc warrior
Aim: an orc warrior, wielding a +0 war axe and wearing a +0 scale mail (severely wounded, unusually strong)
Okay, then.
Your shadow imp hits the orc knight but does no damage.
The orc knight hits your shadow imp with a +0 war axe!!
Your shadow imp dies!
The orc knight hits your iron imp with a +0 war axe!
The orc knight shouts!
Your iron imp hits the orc knight.
The orc knight barely misses your iron imp.
Your iron imp misses the orc knight.
You slice the orc warrior!!
You kill the orc warrior!
Okawaru accepts your kill.
The orc knight hits your iron imp with a +0 war axe!!
Your iron imp dies!
There is a gate leading back out of this place here.
You hit the orc knight but do no damage.
The orc knight is almost dead.
The orc knight hits you with a +0 war axe!
* * * LOW HITPOINT WARNING * * *
You hit the orc knight.
The orc knight is almost dead.
The orc knight hits you with a +0 war axe!
* * * LOW HITPOINT WARNING * * *
You feel much better. The orc knight barely misses you.
You hit the orc knight but do no damage.
The orc knight is almost dead.
The orc knight hits you with a +0 war axe!
* * * LOW HITPOINT WARNING * * *
You hit the orc knight.
The orc knight is almost dead.
You hit the orc knight.
The orc knight is almost dead.
The orc knight hits you but does no damage.
The orc knight hits you with a +0 war axe!!
You die...

.###≈≈.......≈≈###
+≈≈.......≈≈'.'
#≈≈.).....≈≈###
##≈.......≈##
####...#### #...#
##'''## ##.o∩..##
#...@.).#
#...∩...#
##.....## #######


You could see an orc knight.

Vanquished Creatures
  A troll (D:8)
  A wraith (D:7)
  A steam dragon (D:7)
  A warg (D:7)
  2 orc warriors (Bailey)
  A sky beast (D:4)
  An ogre (D:5)
  2 phantoms (D:5)
  A crocodile (D:8)
  A bullfrog (Sewer)
  A water moccasin zombie (D:6)
  A scorpion (D:7)
  A howler monkey (D:5)
  A bullfrog zombie (D:6)
  2 crimson imps
  A centaur zombie (D:6)
  A hound (D:5)
  A jelly (D:7)
  An orc priest (D:6)
  A centaur skeleton (D:6)
  2 iguanas
  Ijyb (D:5)
  A worker ant (D:4)
  Natasha (twice) (D:3)
  6 orc wizards
  2 hound zombies
  A worker ant zombie (D:8)
  A howler monkey skeleton (D:3)
  7 adders
  An adder skeleton (D:4)
  4 worms
  A dart slug (D:4)
  8 leopard geckos
  12 orcs
  3 bats
  9 giant cockroaches
  2 goblins
  8 hobgoblins
  14 jackals
  19 kobolds
  A quokka (D:2)
  3 ball pythons
  5 frilled lizards
  A jackal skeleton (D:4)
  7 rats
144 creatures vanquished.

Vanquished Creatures (collateral kills)
  A troll (D:7)
  2 wargs (D:7)
  A sky beast (D:5)
  A phantom (D:6)
  2 ogres
  A bullfrog (Sewer)
  A hound (D:8)
  An orc priest (D:7)
  Natasha (D:3)
  A worm (D:5)
  A leopard gecko (Sewer)
  3 orcs
  A giant cockroach (Sewer)
  A goblin (Bailey)
  2 frilled lizards (Sewer)
  A rat (D:5)
21 creatures vanquished.

Grand Total: 165 creatures vanquished

Notes
Turn   | Place    | Note
-------+----------+-------------------------------------------
     0 | D:1      | MisterOstroum the Demonspawn Archaeologist began the quest
                  | for the Orb.
     0 | D:1      | Reached XP level 1. HP: 15/15 MP: 1/1
   682 | D:1      | Gained mutation: A weak demonic guardian rushes to your
                  | aid. [demonic ancestry]
   682 | D:1      | Reached XP level 2. HP: 19/22 MP: 2/2
   793 | D:1      | Reached skill level 1 in Unarmed Combat
  1376 | D:1      | Reached XP level 3. HP: 25/27 MP: 3/3
  2380 | D:2      | Reached skill level 1 in Long Blades
  2666 | D:3      | Noticed Natasha
  2676 | D:3      | Killed Natasha
  2676 | D:3      | Reached XP level 4. HP: 24/35 MP: 4/4
  3353 | D:3      | Noticed Natasha
  3357 | D:3      | Killed Natasha
  3357 | D:3      | Reached XP level 5. HP: 34/41 MP: 5/5
  3573 | D:3      | Noticed Natasha
  3585 | D:3      | Killed Natasha
  3698 | D:4      | Found a white marble altar of Elyvilon.
  3698 | D:4      | Found a shadowy altar of Dithmenos.
  3698 | D:4      | Found a corrupted altar of Lugonu.
  3698 | D:4      | Found an ancient bone altar of Kikubaaqudgha.
  3698 | D:4      | Found an opulent altar of Gozag.
  3698 | D:4      | Noticed a sky beast
  3862 | D:4      | Killed a sky beast
  3862 | D:4      | Gained mutation: You have a somewhat thin skeletal
                  | structure. (Dex +2, Stealth) [demonic ancestry]
  3862 | D:4      | Reached XP level 6. HP: 49/49 MP: 6/6
  4020 | D:4      | Identified the cursed +1 ring mail of the Armoured One
                  | {Str+3}
  4075 | D:4      | Found a blossoming altar of Fedhas.
  4126 | D:4      | Reached skill level 5 in Long Blades
  4342 | D:4      | Noticed a moth of wrath
  4346 | D:4      | Found a bloodstained altar of Trog.
  4690 | D:5      | Entered Level 5 of the Dungeon
  4778 | D:5      | Reached skill level 5 in Fighting
  4787 | D:5      | Gained mutation: You have sharp toenails. [demonic
                  | ancestry]
  4787 | D:5      | Reached XP level 7. HP: 32/56 MP: 7/7
  5115 | D:5      | Found a glowing drain.
  5124 | Sewer    | Entered a sewer
  5366 | D:5      | Reached XP level 8. HP: 58/65 MP: 8/8
  5801 | D:5      | Noticed Ijyb
  5814 | D:5      | Killed Ijyb
  6180 | D:6      | Found Litaom's Assorted Antiques.
  6360 | D:6      | Found a staircase to the Ecumenical Temple.
  6395 | Temple   | Entered the Ecumenical Temple
  6439 | Temple   | Became a worshipper of Warmaster Okawaru
  7076 | D:7      | Noticed a troll
  7088 | D:7      | Killed a troll
  7379 | D:7      | Reached * piety under Okawaru
  7518 | D:7      | Gained mutation: You have a moderately thin skeletal
                  | structure. (Dex +4, Stealth+) [demonic ancestry]
  7518 | D:7      | Reached XP level 9. HP: 70/74 MP: 9/9
  7696 | D:7      | Found a glowing golden altar of the Shining One.
  8165 | D:8      | Found Leqaulif's Armour Emporium.
  8172 | D:8      | Found Fysh's Antique Weapon Emporium.
  8186 | D:8      | Noticed a troll
  8195 | D:8      | Killed a troll
  8195 | D:8      | Reached ** piety under Okawaru
  8209 | D:8      | Found Tuczesed's Jewellery Shop.
  8226 | D:8      | Found a flagged portal.
  8249 | Bailey   | Entered a bailey
  8328 | Bailey   | Identified the +3 scale mail of the Purple Skies {rN+ Str-3
                  | Dex+2 Slay+2}
  8384 | Bailey   | Noticed an orc knight
  8389 | Bailey   | Found an iron altar of Okawaru.
  8433 | Bailey   | HP: 3/76 [orc knight/+0 war axe (15)]
  8439 | Bailey   | Mangled by an orc knight

Skill      XL: |  1  2  3  4  5  6  7  8  9 |
---------------+----------------------------+-----
Unarmed Combat | 1 |  1.6
Fighting       | 2 3 4 5 6 8 9 |  9.3
Long Blades    | 2 3 4 5 7 8 9 |  9.3
Dodging        | |  2.6
Stealth        | |  3.3

Action                   |  1- 3 |  4- 6 |  7- 9 || total
-------------------------+-------+-------+-------++-------
Melee: Unarmed           |   135 |       |       ||   135
       Short sword       |    71 |   117 |       ||   188
       Punch             |     1 |     1 |     1 ||     3
       Falchion          |       |    47 |    15 ||    62
       Double sword      |       |       |   164 ||   164
Throw: Stone             |    93 |    94 |    79 ||   266
       Tomahawk          |       |       |    39 ||    39
  Use: Scroll            |       |     8 |    13 ||    21
       Potion            |       |       |     3 ||     3
 Stab: Sleeping          |     1 |       |     3 ||     4
       Distracted        |       |     1 |     1 ||     2
  Eat: Chunk             |     6 |     7 |       ||    13
       Ration            |       |       |     4 ||     4
Armor: Robe              |    69 |    38 |    41 ||   148
       Ring mail         |       |     6 |    36 ||    42
Dodge: Dodged            |   137 |   114 |   145 ||   396
Block: Other             |       |     2 |    27 ||    29
